 Dungeon Crawl Stone Soup version 0.29.1-12-g30fa7ad0bf (webtiles) character file.

Game seed: 18353084157723524453

225 Nickssm the Shield-Bearer (level 6, -9/53 HPs)
             Began as a Gnoll Fighter on Jan 14, 2023.
             Mangled by Menkaure (14 damage)
             ... on level 4 of the Dungeon.
             The game lasted 00:08:28 (3795 turns).

Nickssm the Shield-Bearer (Gnoll Fighter)           Turns: 3795, Time: 00:08:28

Health: -9/53      AC:  7    Str: 18    XL:     6   Next: 1%
Magic:  8/8        EV: 10    Int:  7    God:
Gold:   292        SH:  6    Dex: 17    Spells: 8/8 levels left

rFire   . . .      SeeInvis .   a - +0 war axe
rCold   . . .      Faith    .   c - +0 buckler
rNeg    . . .      Spirit   .   b - +0 scale mail
rPois   .          Reflect  .   (no helmet)
rElec   .          Harm     .   (no cloak)
rCorr   .          Rampage  .   (no gloves)
Will    .....                   (no boots)
Stlth   +.........              (no amulet)
HPRegen 0.17/turn               s - +6 ring of dexterity
MPRegen 0.11/turn               q - ring of wizardry

@: no status effects
A: fangs 1, strong nose, distributed training
a: no special abilities


You were on level 4 of the Dungeon.
You visited 1 branch of the dungeon, and saw 4 of its levels.

You collected 292 gold pieces.

Inventory:

Hand Weapons
 a - a +0 war axe (weapon)
Armour
 b - a +0 scale mail (worn)
 c - a +0 buckler (worn)
Jewellery
 q - a ring of wizardry (right hand)
 s - a +6 ring of dexterity (left hand)
Wands
 o - a wand of acid (6)
Scrolls
 e - 2 scrolls of vulnerability {unknown}
 h - a scroll of brand weapon {unknown}
 i - 2 scrolls of fear {unknown}
 j - 4 scrolls of enchant weapon {unknown}
 k - 3 scrolls of fog {unknown}
 m - 2 scrolls of identify {unknown}
 n - 3 scrolls of noise {unknown}
 p - 2 scrolls of amnesia {unknown}
Potions
 d - a potion of might
 f - 4 potions of curing {unknown}
 g - 2 potions of heal wounds {unknown}
 l - 2 potions of flight {unknown}
 r - a potion of lignification {unknown}
 t - 2 potions of degeneration {unknown}
 u - 2 potions of brilliance {unknown}


   Skills:
 + Level 6.8 Fighting
 + Level 1.8 Short Blades
 + Level 1.8 Long Blades
 + Level 4.9 Axes
 + Level 1.8 Maces & Flails
 + Level 1.8 Polearms
 + Level 1.8 Staves
 + Level 1.8 Ranged Weapons
 + Level 1.8 Throwing
 + Level 6.8 Armour
 + Level 1.8 Dodging
 + Level 1.8 Stealth
 + Level 6.8 Shields
 + Level 1.8 Unarmed Combat
 + Level 1.8 Spellcasting
 + Level 1.4 Conjurations
 + Level 1.4 Hexes
 + Level 1.4 Summonings
 + Level 1.4 Necromancy
 + Level 1.4 Translocations
 + Level 1.4 Transmutations
 + Level 1.4 Fire Magic
 + Level 1.4 Ice Magic
 + Level 1.4 Air Magic
 + Level 1.4 Earth Magic
 + Level 1.4 Poison Magic
 + Level 2.0 Invocations
 + Level 1.8 Evocations


You had 8 spell levels left.
You didn't know any spells.
Your spell library was empty.

Dungeon Overview and Level Annotations

Branches:
Dungeon (4/15)
 Temple: D:4-7

Altars:
Gozag
Vehumet

Shops:
D:4 :

Annotations:
D:4 Menkaure


Innate Abilities, Weirdness & Mutations

You have very sharp teeth.
Your uncanny sense of smell can sniff out nearby items.
Your experience applies equally to all skills.


Message History

Unknown command.
A dart slug comes into view.
The dart slug launches a dart at you. The slug dart hits you.
You hit the dart slug.
The dart slug is moderately wounded.
The dart slug bites you but does no damage.
You hit the dart slug.
The dart slug is heavily wounded.
You block the dart slug's attack.
You hit the dart slug.
You kill the dart slug!
Menkaure casts a spell.
Menkaure seems to speed up.
You have reached level 6!
Menkaure points at you and mumbles some strange words.
Pain shoots through your body!
Menkaure calls on the powers of darkness!
Your body is wracked with pain!
Press: ? - help, v - describe, . - travel
Here: Menkaure (fast)
The floor.
Menkaure casts a spell at you. Pain shoots through your body!
* * * LOW HITPOINT WARNING * * *
Menkaure closely misses you.
Okay, then.
You slash Menkaure!
Menkaure is heavily damaged.
Menkaure hits you.
* * * LOW HITPOINT WARNING * * *
Menkaure hits you but does no damage.
You barely miss Menkaure. You bite Menkaure, but do no damage.
Menkaure is heavily damaged.
Menkaure hits you.
* * * LOW HITPOINT WARNING * * *
You slash Menkaure!
Menkaure is severely damaged.
Menkaure closely misses you. Menkaure hits you!
You die...

###..................#
...
##.##..###........###...
###...# ###......##....
#..## #...##.....##
#####..#######.####'#...#
#......#...#....###∩#.#..
#......#...#<.....###....
#.†.....<..)##......##.#
#......@M...###).....###
#...####..### #..#...#
#...## ##.# #.....##
....#. ### ##...##
.....## #....# ~...
##....# ~~# #...## ~~
##.#


You could see Menkaure (fast).

Vanquished Creatures
  The ghost of croobank the Conjurer, a weakling DsCj (D:3)
  An orc priest (D:3)
  3 adders
  3 gnolls (D:3)
  3 worms
  2 dart slugs
  7 orcs
  7 ball pythons
  4 endoplasms
  4 giant cockroaches
  8 goblins
  7 hobgoblins
  7 jackals
  2 quokkas (D:1)
  3 bats
  2 frilled lizards
  7 kobolds
  6 rats
77 creatures vanquished.

Notes
Turn   | Place    | Note
-------+----------+-------------------------------------------
     0 | D:1      | Nickssm the Gnoll Fighter began the quest for the Orb.
     0 | D:1      | Reached XP level 1. HP: 23/23 MP: 1/1
   152 | D:1      | Reached XP level 2. HP: 29/29 MP: 2/2
   439 | D:1      | Reached XP level 3. HP: 35/35 MP: 3/3
   694 | D:1      | Reached skill level 1 in Invocations
  1081 | D:2      | Reached skill level 1 in Short Blades
  1081 | D:2      | Reached skill level 1 in Long Blades
  1081 | D:2      | Reached skill level 1 in Maces & Flails
  1081 | D:2      | Reached skill level 1 in Polearms
  1081 | D:2      | Reached skill level 1 in Staves
  1081 | D:2      | Reached skill level 1 in Ranged Weapons
  1081 | D:2      | Reached skill level 1 in Throwing
  1081 | D:2      | Reached skill level 1 in Dodging
  1081 | D:2      | Reached skill level 1 in Stealth
  1081 | D:2      | Reached skill level 1 in Unarmed Combat
  1081 | D:2      | Reached skill level 1 in Spellcasting
  1081 | D:2      | Reached skill level 1 in Evocations
  1215 | D:2      | Reached XP level 4. HP: 37/41 MP: 5/5
  1932 | D:3      | Noticed croobank's ghost (weakling DsCj)
  1948 | D:3      | Found a runed translucent door.
  1982 | D:3      | Reached skill level 1 in Conjurations
  1982 | D:3      | Reached skill level 1 in Hexes
  1982 | D:3      | Reached skill level 1 in Summonings
  1982 | D:3      | Reached skill level 1 in Necromancy
  1982 | D:3      | Reached skill level 1 in Translocations
  1982 | D:3      | Reached skill level 1 in Transmutations
  1982 | D:3      | Reached skill level 1 in Fire Magic
  1982 | D:3      | Reached skill level 1 in Ice Magic
  1982 | D:3      | Reached skill level 1 in Air Magic
  1982 | D:3      | Reached skill level 1 in Earth Magic
  1982 | D:3      | Reached skill level 1 in Poison Magic
  2215 | D:3      | Reached XP level 5. HP: 44/47 MP: 5/7
  2248 | D:3      | Found an opulent altar of Gozag.
  2533 | D:3      | Found a faded altar of an unknown god.
  2626 | D:3      | Found a radiant altar of Vehumet.
  3288 | D:3      | Killed croobank's ghost
  3466 | D:4      | Found Xeyff's Book Shoppe.
  3543 | D:4      | Noticed Menkaure
  3789 | D:4      | Reached XP level 6. HP: 53/53 MP: 8/8
  3795 | D:4      | Mangled by Menkaure

Illustrated notes

Levels and vault maps discovered:
D:1:      zelgadis_glass_arrival_small, layout_basic,
          chequers_serial_rivers_small_3, st_stairs_12,
          nicolae_concentric_dashed_squares_wild, minmay_octomino_j4
D:2:      layout_basic, nicolae_titane
D:3:      layout_basic, lemuel_doored_altar, amcnicky_altar_gilded,
          hellmonk_ghost_happy_afterlife, dilly_ecumenical_altar_fadedgnrine,
          minmay_diced_spiral
D:4:      layout_cave_pools, nicolae_hepliaklqana_hazy_memory,
          old_standard_altar, serial_shops, nicolae_shop_window_shopping,
          cheibrodos_sewer_entry_bend, minmay_misc_feat_enclosed, uniq_duvessa,
          uniq_menkaure, uniq_crazy_yiuf_cottage

Skill      XL: |  1  2  3  4  5 |
---------------+----------------+-----
Invocations    | 1 2 |  2.0
Short Blades   | 1 |  1.8
Long Blades    | 1 |  1.8
Maces & Flails | 1 |  1.8
Polearms       | 1 |  1.8
Staves         | 1 |  1.8
Ranged Weapons | 1 |  1.8
Throwing       | 1 |  1.8
Dodging        | 1 |  1.8
Stealth        | 1 |  1.8
Unarmed Combat | 1 |  1.8
Spellcasting   | 1 |  1.8
Evocations     | 1 |  1.8
Conjurations   | 1 |  1.4
Hexes          | 1 |  1.4
Summonings     | 1 |  1.4
Necromancy     | 1 |  1.4
Translocations | 1 |  1.4
Transmutations | 1 |  1.4
Fire Magic     | 1 |  1.4
Ice Magic      | 1 |  1.4
Air Magic      | 1 |  1.4
Earth Magic    | 1 |  1.4
Poison Magic   | 1 |  1.4
Fighting       | |  6.8
Axes           | |  4.9
Armour         | |  6.8
Shields        | |  6.8

Action                   |  1- 3 |  4- 6 || total
-------------------------+-------+-------++-------
Melee: War axe           |    99 |   111 ||   210
       Bite              |     8 |     8 ||    16
Armor: Scale mail        |    55 |    42 ||    97
Dodge: Dodged            |    59 |    61 ||   120
Block: Buckler           |    29 |    44 ||    73
